AoeStats
← illus

Fortress

508837865Analyzed
4v4 RM · 7d ago on Sep 24, 2026· 50m 28s· 8 players
Game mode
Random Map
Map size
Huge
Population
200
Speed
Normal
Resources
Standard
Victory
Conquest
Starting age
Dark Age
Ending age
Imperial Age
RankedLock teamsTeams togetherTeam positionsShared explorationLock speedFull tech treeHidden civsTurbo modeCheats
Victory
Defeat
🇷🇺 Italians · Russia
1289
+14
🇺🇸 Saracens · United States
1283
+14
🇨🇳 Varangians · China
1204
+17
🇨🇳 Vietnamese · China
1194
+19
🇫🇷 Malians · France
1258
-17
🇩🇪 Japanese · Germany
1238
-16
🇯🇵 Romans · Japan
1232
-16
🇩🇪 Byzantines · Germany
1211
-15
Kotovsk
6:56 Feudal Age
7:48 Double-Bit Axe
9:08 Horse Collar
13:50 Castle Age
12:01 Gold Mining
15:45 Gold Shaft Mining
17:00 Wheelbarrow
20:27 Imperial Age
18:41 Squires
19:45 Arson
20:10 Scale Mail Armor
20:41 Forging
21:46 Conscription
22:41 Iron Casting
22:25 Chain Mail Armor
23:52 Loom
27:17 Elite Skirmisher
31:56 Bow Saw
36:00 Ballistics
36:10 Fletching
36:55 Fortified Wall
38:20 Hand Cart
38:20 Masonry
41:18 Town Watch
43:06 Plate Mail Armor
168kcal
7:46 Feudal Age
9:37 Double-Bit Axe
9:44 Horse Collar
12:18 Castle Age
11:15 Stone Mining
14:01 Wheelbarrow
14:26 Bow Saw
15:14 Loom
15:35 Heavy Plow
25:59 Imperial Age
23:15 Town Watch
23:50 Hand Cart
24:03 Scale Barding Armor
24:13 Forging
24:04 Gold Mining
25:08 Chain Barding Armor
24:59 Bloodlines
24:52 Husbandry
26:12 Iron Casting
26:16 Town Patrol
27:17 Conscription
28:10 Comitatenses
31:20 Plate Barding Armor
30:36 Fletching
30:43 Elite Centurion
32:10 Ballistas
33:23 Fortified Wall
33:39 Squires
33:00 Man-at-Arms
33:34 Long Swordsman
36:28 Legionary
37:58 Pikeman
38:44 Bodkin Arrow
40:00 Blast Furnace
40:04 Scale Mail Armor
40:05 Onager
41:33 Siege Engineers
42:25 Chain Mail Armor
41:58 Halberdier
42:54 Masonry
42:38 Onager
45:26 Chemistry
44:46 Ballistics
45:20 Light Cavalry
46:30 Light Cavalry
47:33 Halberdier
Chloroxid
7:52 Feudal Age
6:43 Loom
11:48 Castle Age
10:09 Double-Bit Axe
10:10 Horse Collar
14:39 Bow Saw
18:57 Wheelbarrow
22:52 Gold Mining
26:54 Imperial Age
24:45 Hand Cart
24:52 Fletching
25:04 Padded Archer Armor
25:10 Scale Barding Armor
25:15 Forging
25:38 Bodkin Arrow
26:22 Ballistics
25:52 Elite Skirmisher
26:51 Leather Archer Armor
27:22 Chain Barding Armor
26:55 Treadmill Crane
28:18 Sanctity
28:14 Block Printing
28:10 Fervor
27:57 Elite Cataphract
29:14 Bracer
30:17 Chemistry
31:00 Illumination
30:56 Fortified Wall
30:50 Pikeman
31:31 Squires
31:50 Halberdier
33:50 Gold Shaft Mining
33:02 Capped Ram
34:42 Hoardings
34:30 Scale Mail Armor
35:02 Ring Archer Armor
35:08 Iron Casting
36:35 Caravan
37:30 Conscription
39:12 Redemption
40:42 Siege Ram
STABYLO
7:07 Feudal Age
10:48 Castle Age
10:03 Double-Bit Axe
9:58 Horse Collar
12:14 Bow Saw
15:40 Loom
17:06 Heavy Plow
18:59 Wheelbarrow
20:15 Gold Mining
25:10 Imperial Age
23:36 Hand Cart
23:22 Scale Mail Armor
23:15 Stone Mining
24:37 Chain Mail Armor
24:24 Squires
24:10 Arson
24:44 Fletching
26:10 Ballistics
25:46 Bodkin Arrow
27:30 Chemistry
26:41 Masonry
27:46 Elite Gbeto
29:43 Conscription
29:55 Plate Mail Armor
29:36 Forging
31:05 Gold Shaft Mining
31:06 Stone Shaft Mining
32:11 Architecture
32:22 Iron Casting
33:22 Caravan
34:42 Man-at-Arms
35:19 Long Swordsman
36:18 Two-Handed Swordsman
36:59 Champion
39:20 Hoardings
39:19 Treadmill Crane
39:35 Murder Holes
42:23 Pikeman
43:40 Fortified Wall
illus
7:08 Feudal Age
11:02 Castle Age
9:11 Double-Bit Axe
9:28 Horse Collar
10:26 Fletching
12:12 Bow Saw
14:00 Heavy Plow
17:25 Wheelbarrow
17:50 Town Watch
20:13 Stone Mining
21:14 Hand Cart
21:17 Loom
25:01 Imperial Age
22:52 Gold Mining
24:08 Bodkin Arrow
25:21 Padded Archer Armor
27:19 Two-Man Saw
26:59 Stone Shaft Mining
28:22 Hoardings
28:32 Siege Engineers
28:29 Elite Rattan Archer
29:36 Bracer
29:59 Ballistics
30:39 Chemistry
31:14 Leather Archer Armor
33:25 Bloodlines
33:15 Husbandry
32:36 Light Cavalry
33:48 Ring Archer Armor
33:24 Scale Barding Armor
33:30 Forging
33:20 Treadmill Crane
33:53 Masonry
34:22 Capped Ram
36:28 Guilds
36:01 Capped Ram
37:29 Chain Barding Armor
40:11 Murder Holes
40:26 Fortified Wall
40:59 Plate Barding Armor
40:59 Iron Casting
44:28 Paper Money
45:20 Caravan
47:00 Capped Ram
SW_Paul
8:27 Feudal Age
9:33 Double-Bit Axe
9:37 Horse Collar
12:45 Castle Age
12:56 Gold Mining
13:03 Stone Mining
18:30 Loom
22:11 Wheelbarrow
22:08 Bow Saw
22:10 Heavy Plow
26:44 Imperial Age
24:50 Forging
24:45 Scale Barding Armor
25:23 Stone Shaft Mining
26:09 Iron Casting
26:39 Chain Barding Armor
26:11 Treadmill Crane
26:52 Ballistics
26:44 Fortified Wall
26:30 Murder Holes
27:47 Hand Cart
27:54 Conscription
28:01 Bloodlines
29:21 Plate Barding Armor
30:41 Blast Furnace
29:46 Husbandry
30:58 Two-Man Saw
30:31 Crop Rotation
31:10 Fletching
31:24 Scale Mail Armor
31:57 Elite Jarl
33:51 Chain Mail Armor
33:28 Fletching
33:46 Siege Engineers
33:54 Capped Ram
35:00 Siege Ram
35:53 Bodkin Arrow
38:24 Chemistry
41:12 Coinage
45:43 Bracer
46:14 Plate Mail Armor
47:42 Banking
48:10 Caravan
48:21 Guilds
impossible
7:55 Feudal Age
11:53 Castle Age
9:42 Double-Bit Axe
11:36 Horse Collar
14:43 Loom
15:44 Bow Saw
24:18 Imperial Age
23:44 Fletching
23:22 Crossbowman
24:32 Bodkin Arrow
24:38 Padded Archer Armor
25:42 Arbalester
29:35 Bracer
30:51 Chemistry
31:21 Leather Archer Armor
31:19 Thumb Ring
31:36 Ballistics
31:41 Treadmill Crane
32:11 Masonry
33:49 Ring Archer Armor
34:15 Conscription
33:49 Gold Mining
34:38 Town Watch
35:28 Wheelbarrow
36:09 Two-Man Saw
35:10 Heavy Plow
35:04 Stone Mining
37:02 Scale Mail Armor
37:13 Forging
37:09 Scale Barding Armor
37:35 Architecture
37:01 Murder Holes
38:46 Hand Cart
39:03 Crop Rotation
39:09 Iron Casting
38:50 Chain Mail Armor
39:14 Stone Shaft Mining
39:15 Town Patrol
39:47 Elite Genoese Crossbowman
41:49 Pirotechnia
42:15 Hoardings
44:04 Blast Furnace
43:34 Plate Mail Armor
43:25 Chain Barding Armor
43:17 Fortified Wall
43:11 Caravan
45:52 Silk Road
50:28 Spies/Treason
DUDA
6:52 Feudal Age
7:23 Feudal Age
11:26 Castle Age
9:27 Horse Collar
9:37 Double-Bit Axe
9:39 Horse Collar
12:51 Bow Saw
16:18 Loom
16:46 Gold Mining
19:22 Wheelbarrow
20:33 Gold Shaft Mining
19:53 Stone Mining
21:43 Heavy Plow
22:16 Hand Cart
21:50 Town Watch
23:02 Scale Barding Armor
23:07 Forging
28:35 Imperial Age
26:33 Husbandry
27:19 Bloodlines
26:30 Light Cavalry
28:26 Chain Barding Armor
28:16 Forging
31:38 Plate Barding Armor
31:39 Iron Casting
31:26 Conscription
30:42 Elite Mameluke
36:06 Blast Furnace
36:51 Hoardings
35:59 Hussar
40:18 Caravan
44:32 Counterweights
48:17 Chemistry
47:38 Ballistics
47:25 Siege Engineers
47:32 Masonry
Connection lost

Rejoining the realm…

Still unreachable

The connection could not be restored.

Session expired

The server has moved on; the page needs a fresh start.